 Dungeon Crawl Stone Soup version 0.20.1-1-g8b1a95d66d (webtiles) character file.

1132 Sleazebag the Covered (level 8, 0/37 HPs)
             Began as a Vine Stalker Fighter on Dec 30, 2017.
             Was an Initiate of Hepliaklqana.
             Slain by an orc warrior
             ... wielding a +0 trident
              (3 damage)
             ... on level 6 of the Dungeon.
             The game lasted 00:24:09 (4295 turns).

Sleazebag the Covered (Vine Stalker Fighter)        Turns: 4295, Time: 00:24:09

Health: 0/37       AC:  7    Str: 19    XL:     8   Next: 36%
Magic:  0/9        EV:  9    Int: 10    God:    Hepliaklqana [......]
Gold:   157        SH:  0    Dex: 14    Spells: 7/7 levels left

rFire    . . .     SeeInvis .   c - +0 falchion
rCold    . . .     Gourm    .   b - +0 shield
rNeg     . . .     Faith    .   a - +0 scale mail
rPois    .         Spirit   +   (no helmet)
rElec    .         Reflect  .   (no cloak)
rCorr    .         Harm     .   (no gloves)
MR       +....                  (no boots)
Stlth    ..........             (no amulet)
Regen    0.6/turn               (no ring)
MPRegen  0.2/turn               (no ring)

@: confused
A: reduced essence, fangs 3, regeneration 1, magic shield, antimagic bite, no
potion heal 3, rot immunity
a: Recall Ancestor, Ancestor Identity, Renounce Religion


You were on level 6 of the Dungeon.
You worshipped Hepliaklqana.
Hepliaklqana was noncommittal.
You were not hungry.

You visited 1 branch of the dungeon, and saw 6 of its levels.

You collected 157 gold pieces.

Inventory:

Hand Weapons
 c - a +0 falchion (weapon)
 e - a cursed -3 short sword
Armour
 a - a +0 scale mail (worn)
 b - a +0 shield (worn)
Jewellery
 d - an uncursed amulet of rage {unknown}
 q - an uncursed amulet of regeneration {unknown}
Scrolls
 f - 2 scrolls of teleportation
 g - a scroll of enchant weapon
 h - 4 scrolls of remove curse
 i - 2 scrolls of recharging {unknown}
 r - a scroll of identify
Potions
 k - a potion of brilliance
 m - 3 potions of curing
 p - a potion of heal wounds {unknown}
Books
 j - a book of Changes

   Spells                             Type                      Level
   a - Beastly Appendage              Transmutation                1
   b - Sticks to Snakes               Transmutation                2
   c - Spider Form                    Transmutation/Poison         3
   d - Ice Form                       Ice/Transmutation            4
   e - Blade Hands                    Transmutation                5
Comestibles
 n - a meat ration
 o - 2 royal jellies


   Skills:
 + Level 3.7 Fighting
 + Level 2.6 Long Blades
 + Level 4.9 Armour
 + Level 2.3 Dodging
 + Level 0.6 Stealth
 + Level 4.7 Shields
 + Level 4.5 Unarmed Combat


You had 7 spell levels left.
You didn't know any spells.

Dungeon Overview and Level Annotations

Branches:
Dungeon (6/15)
 Temple: D:4-7

Altars:
Cheibriados
Hepliaklqana
Makhleb
Okawaru

Annotations:
D:3 Jynx's ghost, amateur MfTm
D:4 2 transporters


Innate Abilities, Weirdness & Mutations

You have razor-sharp teeth.
Your natural rate of healing is unusually fast.
When hurt, damage is shared between your health and your magic reserves.
Your bite disrupts and absorbs the magic of your enemies.
Potions cannot restore your health.
You are immune to rotting.
Your life essence is reduced to manifest your ancestor. (-10% HP)


Message History

You hit the orc warrior but do no damage.
The orc warrior is moderately wounded.
You block the orc warrior's attack.
Rabi barely misses the orc warrior.
You barely miss the orc warrior.
The orc warrior is moderately wounded.
The orc warrior hits you with a trident!
Rabi barely misses the orc warrior.
The orc warrior hits you with a trident!
* * * LOW HITPOINT WARNING * * *
Rabi hits the orc warrior but does no damage.
You block the orc warrior's attack.
Drop what? 18/52 slots (_ for help) (? for menu, Esc to quit)
Okay, then.
You have no ailments to cure.
It was a potion of ambrosia.
You are confused.
Your system rejects the healing.
You feel invigorated.
Rabi misses the orc warrior.
The orc warrior hits you from afar with a trident!
You die...

. ...####..## #. ...##..# #.
#.#...# #..##...<)######
#########
###......((.....####........
.........(...........#######
#####.#..(......##..###
...####Ro..#.###...# .$###
#.##@...####.####### .#
#(#####..###.......##
#(.<......########..#
.####..oR...#.### ##.#
.......(Y...#...## #..
#####.......###..### ##.
#..(.<..# ##...## #.
#......(# ###..## ##
#.......# ##..###


You could see the friendly Rabi the ancestor and an orc warrior.

Vanquished Creatures
  Eustachio (D:4)
  An ice beast (D:6)
  An ogre (D:6)
  2 centaurs
  A bullfrog (D:6)
  A howler monkey (D:4)
  A quasit (D:5)
  2 jellies
  5 orc wizards
  3 hounds
  2 worker ants (D:4)
  A howler monkey skeleton (D:4)
  6 adders
  An adder skeleton (D:4)
  6 worms
  2 dart slugs
  3 leopard geckos
  13 orcs
  7 bats
  4 giant cockroaches
  6 goblins
  9 hobgoblins
  3 jackals (D:5)
  3 quokkas
  A ball python (D:3)
  3 frilled lizards (D:2)
  7 kobolds
  4 rats
99 creatures vanquished.

Vanquished Creatures (collateral kills)
  An orc wizard (D:6)
1 creature vanquished.

Grand Total: 100 creatures vanquished

Notes
Turn   | Place    | Note
-------+----------+-------------------------------------------
     0 | D:1      | Sleazebag the Vine Stalker Fighter began the quest for the Orb.
     0 | D:1      | Reached XP level 1. HP: 11/11 MP: 2/2
   149 | D:1      | Reached XP level 2. HP: 12/16 MP: 1/3
   529 | D:1      | Reached XP level 3. HP: 4/19 MP: 4/4
  1122 | D:2      | Gained mutation: Your natural rate of healing is unusually fast. [Vine Stalker growth]
  1122 | D:2      | Reached XP level 4. HP: 3/23 MP: 5/5
  1230 | D:2      | Found a snail-covered altar of Cheibriados.
  1302 | D:3      | Noticed Jynx's ghost (amateur MfTm)
  1350 | D:3      | HP: 1/23 [frilled lizard (3)]
  1355 | D:3      | HP: 1/23 [frilled lizard (2)]
  1601 | D:3      | Reached XP level 5. HP: 9/28 MP: 6/6
  1893 | D:4      | Noticed Eustachio
  2014 | D:4      | Killed Eustachio
  2014 | D:4      | Reached skill level 1 in Dodging
  2014 | D:4      | Reached XP level 6. HP: 28/32 MP: 7/7
  2094 | D:4      | Found a transporter.
  2128 | D:4      | Found a transporter.
  2459 | D:4      | Found a burning altar of Makhleb.
  2461 | D:4      | Noticed a balrug
  2517 | D:4      | Reached XP level 7. HP: 36/36 MP: 8/8
  2618 | D:4      | Noticed a neqoxec
  2618 | D:4      | Noticed a smoke demon
  2745 | D:5      | Entered Level 5 of the Dungeon
  3291 | D:5      | Found an iron altar of Okawaru.
  3293 | D:5      | Found a hazy altar of Hepliaklqana.
  3400 | D:5      | Reached skill level 1 in Long Blades
  3739 | D:5      | Noticed a hungry ghost
  3816 | D:6      | Gained mutation: You have razor-sharp teeth. [Vine Stalker growth]
  3816 | D:6      | Reached XP level 8. HP: 42/42 MP: 9/9
  3858 | D:6      | HP: 2/42 [orc warrior/trident (7)]
  3898 | D:5      | Became a worshipper of Hepliaklqana the Forgotten
  4295 | D:6      | Slain by an orc warrior

Skill      XL: |  1  2  3  4  5  6  7 |
---------------+----------------------+-----
Shields        | 3 4 |  4.7
Armour         | 3 4 |  4.9
Unarmed Combat | 3 4 |  4.5
Fighting       | 3 |  3.7
Dodging        | 1 2 |  2.3
Long Blades    | 2 |  2.6
Stealth        | |  0.6

Action                   |  1- 3 |  4- 6 |  7- 9 || total
-------------------------+-------+-------+-------++-------
Melee: Unarmed           |   159 |   219 |    15 ||   393
       Bite              |    51 |    70 |    52 ||   173
       Falchion          |       |       |   147 ||   147
Invok: Recall Ancestor   |       |       |     2 ||     2
       Ancestor Identity |       |       |     1 ||     1
  Use: Scroll            |     4 |     1 |     1 ||     6
       Potion            |       |     1 |     1 ||     2
 Stab: Distracted        |       |       |     1 ||     1
  Eat: Fruit             |     1 |       |       ||     1
       Bread ration      |       |     2 |       ||     2
       Chunk             |       |     1 |       ||     1
       Meat ration       |       |       |     2 ||     2
Armor: Scale mail        |    82 |    82 |    91 ||   255
Dodge: Dodged            |    42 |    61 |    69 ||   172
Block: Shield            |    87 |   112 |   115 ||   314
       Rpst.: Falchion   |       |       |    14 ||    14
